 Dungeon Crawl Stone Soup version 0.31.0-7-gf635a9b802 (webtiles) character file.

Game seed: 11174063015019287419

1717396 inmateoo the Axe Maniac (level 26, 274/274 (278) HPs)
             Began as a Minotaur Fighter on Jan 24, 2024.
             Was the Champion of Okawaru.
             Escaped with the Orb
             ... and 3 runes!
             The game lasted 01:07:11 (65097 turns).

inmateoo the Axe Maniac (Minotaur Fighter)         Turns: 65097, Time: 01:07:12

HP:   274/274 (278) AC: 56    Str: 27    XL:     26   Next: 27%
MP:   48/48         EV: 16    Int: 13    God:    Okawaru [******]
Gold: 6170          SH: 18    Dex: 16    Spells: 25/25 levels left

rFire   + + +        G - +8 mithril axe "Arga" {speed, Will+}
rCold   + . .        t - +1 kite shield {AC+3}
rNeg    + . .        Q - +12 gold dragon scales
rPois   +            a - +3 hat of Pondering {ponderous, Will+ MP+10 Int+5}
rElec   .            F - +1 cloak {rPois}
rCorr   +            W - +2 pair of gloves
SInv    +            c - +1 pair of boots of Ponewk Nuzug {rF+ rCorr}
Will    ++++.        Z - amulet of Democracy {Will+ Regen+} Stlth
                     j - ring of the Establishment {rN+ MP+9}
HPRegen 1.45/turn    V - ring "Elibrull" {AC+4 Int+3 SInv}
MPRegen 0.31/turn

%: no passive effects
@: studying Translocations, lightly drained, slow
A: horns 2, retaliatory headbutt, talons 1, fire resistance 1, robust 1
0: Orb of Zot
}: 3/15 runes: decaying, silver, gossamer
a: Renounce Religion, Heroism, Finesse, Duel


You escaped.
You worshipped Okawaru.
Okawaru was exalted by your worship.
You visited 10 branches of the dungeon, and saw 48 of its levels.
You visited 1 ziggurat, and saw 4 of its levels.
You also visited: Trove, Bailey and Gauntlet.

You collected 7208 gold pieces.
You spent 1038 gold pieces at shops.

Inventory:

Hand Weapons
 G - the +8 mithril axe "Arga" (weapon) {speed, Will+}
   (You found it on level 5 of the Vaults)

   Will+:     It increases your willpower.
Missiles
 l - a throwing net
 K - 33 silver javelins (quivered)
Armour
 a - the +3 hat of Pondering (worn) {ponderous, Will+ MP+10 Int+5}
   (You took it off Gastronok on level 1 of the Lair of Beasts)

   Int+5:     It affects your intelligence (+5).
   Will+:     It increases your willpower.
   MP+10:     It affects your magic capacity (+10).
 c - the +1 pair of boots of Ponewk Nuzug (worn) {rF+ rCorr}
   (Okawaru gifted it to you on level 5 of the Lair of Beasts)

   rF+:       It protects you from fire.
   rCorr:     It protects you from acid and corrosion.
 t - a +1 kite shield of protection (worn)
 F - a +1 cloak of poison resistance (worn)
 Q - +12 gold dragon scales (worn)
 W - a +2 pair of gloves (worn)
Jewellery
 j - the ring of the Establishment (left hand) {rN+ MP+9}
   (You found it on level 5 of the Vaults)

   [ring of positive energy]

   rN+:       It protects you from negative energy.
   MP+9:      It affects your magic capacity (+9).
 n - a ring of see invisible
 r - a ring of protection from cold
 w - an amulet of the acrobat
 V - the ring "Elibrull" (right hand) {AC+4 Int+3 SInv}
   (You found it on level 3 of the Swamp)

   [ring of protection]

   AC+4:      It affects your AC (+4).
   Int+3:     It affects your intelligence (+3).
   SInv:      It lets you see invisible.
 Z - the amulet of Democracy (around neck) {Will+ Regen+}
   (You took it off a deep elf blademaster on level 3 of the Elven Halls)

   [amulet of regeneration]

   Will+:     It increases your willpower.
   Regen+:    It increases your rate of health regeneration.
Wands
 b - a wand of iceblast (65)
 B - a wand of mindburst (23)
 D - a wand of flame (88)
 N - a wand of paralysis (72)
 U - a wand of light (34)
Scrolls
 h - 21 scrolls of teleportation
 k - a scroll of silence
 m - 10 scrolls of fear
 o - 14 scrolls of fog
 H - 6 scrolls of immolation
 J - 27 scrolls of identify
 O - a scroll of blinking
Potions
 d - a potion of might
 e - 24 potions of curing
 g - a potion of attraction
 p - 4 potions of enlightenment
 s - 5 potions of cancellation
 u - 11 potions of ambrosia
 v - 4 potions of berserk rage
 x - 6 potions of brilliance
 z - 4 potions of mutation
 C - 3 potions of haste
 L - 3 potions of resistance
 R - 7 potions of heal wounds
 S - a potion of magic
 X - a potion of invisibility


   Skills:
 + Level 23.6 Fighting
 O Level 27 Axes
 + Level 17.8 Throwing
 + Level 23.3 Armour
 + Level 21.2 Dodging
 + Level 23.1 Shields
 - Level 10.0 Invocations


You had 25 spell levels left.
You didn't know any spells.
Your spell library contained the following spells:

 Spells                   Type           Power      Damage    Failure   Level
 Foxfire                  Conj/Fire      0%         2x1d4     97%         1
 Slow                     Hex            0%         N/A       97%         1
 Sting                    Conj/Alch      0%         1d3       97%         1
 Blink                    Tloc           0%         N/A       99%         2
 Ensorcelled Hibernation  Hex/Ice        0%         N/A       99%         2
 Jinxbite                 Hex            0%         N/A       99%         2
 Lesser Beckoning         Tloc           0%         N/A       99%         2
 Mercury Vapours          Alch/Air       0%         N/A       99%         2
 Momentum Strike          Conj/Tloc      0%         3d8       99%         2
 Scorch                   Fire           0%         2d5       99%         2
 Static Discharge         Conj/Air       0%         3-3/arc   99%         2
 Sublimation of Blood     Necr           0%         N/A       99%         2
 Confusing Touch          Hex            0%         N/A       100%        3
 Dazzling Flash           Conj/Hex       0%         N/A       100%        3
 Gell's Gravitas          Tloc           0%         N/A       100%        3
 Inner Flame              Hex/Fire       0%         N/A       100%        3
 Mephitic Cloud           Conj/Alch/Air  0%         N/A       100%        3
 Passwall                 Erth           0%         N/A       100%        3
 Sigil of Binding         Hex            0%         N/A       100%        3
 Swiftness                Air            0%         N/A       100%        3
 Teleport Other           Tloc           0%         N/A       100%        3
 Vampiric Draining        Necr           0%         2d6       100%        3
 Volatile Blastmotes      Fire/Tloc      0%         2d10      100%        3
 Airstrike                Air            0%         2d(0-16)  100%        4
 Brom's Barrelling Bould  Conj/Erth      0%         2d3       100%        4
 Cause Fear               Hex            0%         N/A       100%        4
 Dimensional Bullseye     Hex/Tloc       0%         N/A       100%        4
 Flame Wave               Conj/Fire      0%         2d4       100%        4
 Fulminant Prism          Conj/Alch      0%         3d5       100%        4
 Iskenderun's Mystic Bla  Conj/Tloc      0%         2d3       100%        4
 Leda's Liquefaction      Alch/Erth      0%         N/A       100%        4
 Olgreb's Toxic Radiance  Alch           0%         N/A       100%        4
 Petrify                  Alch/Erth      0%         N/A       100%        4
 Sticky Flame             Fire/Alch      0%         2d4       100%        4
 Vhi's Electric Charge    Tloc/Air       0%         N/A       100%        4
 Arcjolt                  Conj/Air       0%         1d10      100%        5
 Borgnjor's Vile Clutch   Necr/Erth      0%         N/A       100%        5
 Curse of Agony           Necr           0%         N/A       100%        5
 Fireball                 Conj/Fire      0%         3d3       100%        5
 Freezing Cloud           Conj/Ice/Air   0%         6-21      100%        5
 Irradiate                Conj/Alch      0%         3d11      100%        5
 Iskenderun's Battlesphe  Conj           0%         2d6       100%        5
 Silence                  Hex/Air        0%         N/A       100%        5
 Conjure Ball Lightning   Conj/Air       0%         3x3d6     100%        6
 Dispersal                Tloc           0%         N/A       100%        6
 Eringya's Noxious Bog    Alch           0%         4d6       100%        6
 Plasma Beam              Fire/Air       0%         2x1d10    100%        6
 Starburst                Conj/Fire      0%         6d3       100%        6
 Orb of Destruction       Conj           0%         9d5       100%        7
 Ozocubu's Refrigeration  Ice            0%         4d7       100%        7
 Borgnjor's Revivificati  Necr           0%         N/A       100%        8
 Discord                  Hex            0%         N/A       100%        8
 Disjunction              Tloc           0%         N/A       100%        8
 Ignition                 Fire           0%         3d3       100%        8
 Maxwell's Capacitive Co  Air            0%         ∞         100%        8
 Death's Door             Necr           0%         N/A       100%        9
 Polar Vortex             Ice            0%         N/A       100%        9
 Summon Small Mammal      Summ           Unusable   N/A       N/A         1
 Call Canine Familiar     Summ           Unusable   N/A       N/A         3
 Tukima's Dance           Hex            Unusable   N/A       N/A         3
 Animate Dead             Necr           Unusable   N/A       N/A         4
 Summon Blazeheart Golem  Fire/Summ      Unusable   N/A       N/A         4
 Summon Lightning Spire   Summ/Air       Unusable   N/A       N/A         4
 Summon Forest            Summ/Tloc      Unusable   N/A       N/A         5
 Death Channel            Necr           Unusable   N/A       N/A         6
 Sculpt Simulacrum        Ice/Alch       Unusable   N/A       N/A         6
 Summon Cactus Giant      Summ           Unusable   N/A       N/A         6
 Haunt                    Necr/Summ      Unusable   N/A       N/A         7
 Summon Hydra             Summ           Unusable   N/A       N/A         7
 Dragon's Call            Summ           Unusable   N/A       N/A         9

Dungeon Overview and Level Annotations

Branches:
Dungeon (15/15)            Temple (1/1) D:4            Lair (5/5) D:11
  Swamp (4/4) Lair:2       Spider (4/4) Lair:3        Slime (0/5) Lair:4
    Orc (2/2) D:12            Elf (3/3) Orc:2        Vaults (5/5) D:13
  Crypt (0/3) Vaults:2     Depths (4/4) D:15            Zot (5/5) Depths:4
 Bailey (visited)         Gauntlet (visited)

Altars:
Ashenzari
Cheibriados
Dithmenos
Elyvilon
Fedhas
Gozag
Hepliaklqana
Kikubaaqudgha
Makhleb
Nemelex Xobeh
Okawaru
Qazlal
Ru
Sif Muna
Trog
Uskayaw
Vehumet
Wu Jian
Xom
Yredelemnul
Zin
The Shining One
Jiyva

Shops:
D:10 =   Orc:2 ((?:   Elf:1 [   Elf:2 *   Vaults:1 [   Vaults:4 !

Portals:
Hell: Depths:1 Depths:2 Depths:3 Depths:4
Abyss: Depths:1 Depths:3 Depths:4
Pandemonium: Depths:2 Depths:3 Depths:4

Annotations:
D:9 3 runed translucent doors, TobyConnect's ghost, journeyman TrEn
D:10 exclusion: ice statue
D:14 Roxanne
Lair:4 1 runed translucent door, Murgh's ghost, journeyman MiBe
Elf:2 3 runed translucent doors
Vaults:4 36 runed translucent doors, Mennas


Innate Abilities, Weirdness & Mutations

You have a pair of horns on your head.
You reflexively headbutt those who attack you in melee.
You have sharp toenails.
Your flesh is heat resistant. (rF+)
You are robust. (+10% HP)


Message History

You block the Orb Guardian's attack.
You slash the Orb Guardian! Your headbutt misses the Orb Guardian.
The Orb Guardian is lightly wounded.
You hit the Orb Guardian but do no damage.
You headbutt the Orb Guardian, but do no damage.
The Orb Guardian is lightly wounded.
The Orb Guardian closely misses you.
You completely miss the Orb Guardian. You headbutt the Orb Guardian!
The Orb Guardian is moderately wounded.
The Orb Guardian hits you but does no damage.
You hit the Orb Guardian.
The Orb Guardian is moderately wounded.
You slice the Orb Guardian!!
You headbutt the Orb Guardian, but do no damage.
The Orb Guardian is severely wounded.
You block the Orb Guardian's attack.
You slash the Orb Guardian!
You headbutt the Orb Guardian, but do no damage.
The Orb Guardian is severely wounded.
You block the Orb Guardian's attack.
You hit the Orb Guardian but do no damage.
You headbutt the Orb Guardian, but do no damage.
The Orb Guardian is severely wounded.
You block the Orb Guardian's attack.
You slice the Orb Guardian!!
You kill the Orb Guardian!
Okawaru accepts your kill.
There is a stone staircase leading down here.
There is a stone staircase leading up here.
You climb upwards.
There is a stone staircase leading down here.
There is a stone staircase leading up here.
You climb upwards.
There is a stone staircase leading down here.
There is a stone staircase leading up here.
You climb upwards.
There is a stone staircase leading down here.
There is an open door here.
There is a staircase leading out of the dungeon here.
You have escaped!

#########.###...# #..
#.#.#.#.##### #..
########.#.#.#.....# #..
#........#.#.#####.## #..
#........#.#.# #..######## #..
#........#.#.# ##........# ###
########.#...♣ #........# #
#.##..♣♣♣♣ ##.......# #
#.##..#♣@♣# ####'#### #
#.##..#8.8# #...## # #.##..##'##
###..##### #.##..##.# ##..##..
#########.##..#..###########)#..#
...[......##.................>...
############.#######...#####.....
.........)...# #...# #.....
############## #†..# #.....


There were no monsters in sight!

Vanquished Creatures
  2 dread liches
  4 orbs of fire (Zot:5)
  2 ancient liches (Vaults:5)
  A juggernaut (Depths:2)
  Mara (Swamp:4)
  Boris (thrice) (Vaults:3 Depths:3 Depths:4)
  5 Killer Klowns
  10 golden dragons
  Saint Roka (Vaults:4)
  2 curse toes
  Jory (Vaults:4)
  Nikola (Spider:4)
  2 bone dragons
  Arachne (Spider:4)
  An electric golem (Zot:5)
  A Brimstone Fiend (Depths:3)
  Jorgrun (Spider:2)
  23 Orb Guardians
  15 tentacled monstrosities
  2 liches
  Asterion (Vaults:1)
  A searing wretch (Depths:3)
  2 deep elf master archers (Elf:3)
  5 titans
  Zenata (Vaults:4)
  Mlioglotl (Spider:4)
  6 quicksilver dragons
  2 deep elf blademasters (Elf:3)
  6 sphinxes
  5 death cobs
  Gastronok (Lair:1)
  10 tengu reavers
  17 storm dragons
  3 thorn hunters
  Aizul (Elf:2)
  The ghost of Nattefrost the Warrior, an adept GrBe of Trog (Spider:1)
  The ghost of sentinel the Grappler, a journeyman TrFi of Okawaru (D:14)
  9 draconian knights
  9 draconian monks
  10 shadow dragons
  8 fire giants
  4 protean progenitors
  7 draconian shifters
  A balrug (Depths:2)
  10 draconian scorchers
  5 deep elf sorcerers (Elf:3)
  4 iron dragons
  20 vault wardens
  5 emperor scorpions
  5 deep elf elementalists (Elf:3)
  Louise (D:14)
  7 ghost moths
  8 frost giants
  A draconian stormcaller (Zot:3)
  2 orc warlords
  2 broodmothers (Spider:4)
  19 ironbound preservers
  10 draconian annihilators
  A spriggan defender (Depths:2)
  The ghost of kaychamo the Spry, an adept FeSh of Gozag (Swamp:3)
  3 ghouls (Swamp:1)
  16 stone giants
  2 caustic shrike skeletons (Depths:3)
  11 black draconians
  2 formless jellyfish
  8 very ugly things
  2 juggernaut skeletons (Depths:3)
  3 eleionomae
  6 ironbound thunderhulks
  8 deep elf annihilators
  3 vampire knights
  18 green draconians
  2 lorocyprocas
  5 deep elf demonologists
  7 deep elf death magi
  5 dire elephants (Vaults:1)
  2 demonspawn black suns (Depths:1)
  2 minotaurs
  17 red draconians
  23 yellow draconians
  14 white draconians
  4 war gargoyles
  19 purple draconians
  15 spark wasps
  4 bunyips
  A mummy priest (Zig:1)
  2 blizzard demons
  5 entropy weavers
  4 fire dragons
  4 ettins
  9 deep elf high priests
  8 great orbs of eyes
  3 rakshasas
  A spectral fenstrider witch (Swamp:3)
  10 yaktaur captains
  34 vault guards
  2 peacekeepers (Vaults:4)
  4 ice dragons
  A hell beast (Depths:4)
  6 ogre magi
  10 ironbound frosthearts
  2 jorogumos
  2 spriggan skeletons (Depths:3)
  2 catoblepae
  7 spriggan air magi
  6 ghost crabs
  5 hydras
  6 boulder beetles
  6 centaur warriors
  13 alligators
  5 radroaches
  28 dancing weapons
  A death knight (D:14)
  13 two-headed ogres
  A sphinx skeleton (Depths:3)
  4 deep troll earth magi
  6 hell hogs
  5 deep troll shamans
  7 demonic crawlers
  An occultist (Depths:1)
  16 spriggan berserkers
  4 soul eaters
  15 tengu warriors
  16 hell knights
  3 orc high priests
  8 spriggans
  3 sun demons (Depths:2)
  2 skysharks
  16 deep elf knights
  Nergalle (Orc:2)
  7 iron trolls
  A fire crab (Lair:3)
  4 shadow wraiths (Depths:2)
  9 pharaoh ants
  A storm dragon skeleton (Depths:3)
  A sixfirhy (D:4)
  21 skeletal warriors
  A death drake (Swamp:4)
  A spriggan druid (Swamp:4)
  5 goliath frogs
  9 arcanists
  A mana viper (shapeshifter) (Depths:3)
  3 sun moths (Spider:3)
  5 glowing orange brains
  2 flayed ghosts
  A glowing orange brain (shapeshifter) (Vaults:5)
  10 orb spiders
  17 bog bodies
  19 ironbound convokers
  2 spectral hydras (Swamp:4)
  20 lindwurms
  3 swamp dragons
  2 spectral alligators (Swamp:4)
  14 deep elf archers
  10 necromancers
  A wolf spider zombie (D:15)
  29 deep elf zephyrmancers
  61 deep trolls
  3 orc knights
  4 steelbarb worms
  8 harpies (Vaults:3)
  21 deep elf pyromancers
  6 golden dragon skeletons (Depths:3)
  4 phantasmal warriors
  An elf skeleton (Vaults:4)
  3 will-o-the-wisps
  35 ugly things
  19 wolf spiders
  3 tengu skeletons
  3 cyclopes
  An elephant (shapeshifter) (Vaults:4)
  6 orc sorcerers (Orc:2)
  A shadow dragon skeleton (Depths:3)
  A human zombie (Vaults:2)
  9 spectral spriggans
  A manticore (D:15)
  2 centaur zombies (D:15)
  12 meliai
  22 moths of wrath
  4 elephants (Lair:3)
  2 frost giant skeletons
  5 kobold blastminers
  An ice statue (Depths:2)
  19 vault sentinels
  7 black mambas
  A fire giant skeleton (Depths:3)
  A rust devil (Gauntlet)
  11 cane toads
  2 smoke demons
  Joseph (D:9)
  A torpor snail (shapeshifter) (Depths:2)
  An orange demon (Zot:2)
  5 gargoyles
  An iron dragon skeleton (Depths:3)
  5 torpor snails
  A storm dragon simulacrum (Vaults:4)
  2 unseen horrors (Depths:4)
  A rime drake (shapeshifter) (Vaults:5)
  2 centaur skeletons (D:15)
  2 yaktaur zombies (Vaults:2)
  Maggie (D:8)
  3 swamp worm zombies (Swamp:4)
  A yaktaur (shapeshifter) (Depths:2)
  7 freezing wraiths
  7 large abominations
  7 komodo dragons
  2 rime drakes
  A komodo dragon (shapeshifter) (Vaults:4)
  22 yaktaurs
  5 tengu conjurers
  An ancient zyme (Zig:2)
  Psyche (D:8)
  A bloated husk (Swamp:4)
  A bunyip simulacrum (Swamp:3)
  A troll (D:11)
  2 ice devils (Depths:2)
  6 hydra zombies (Swamp:4)
  38 tarantellas
  3 human skeletons
  12 polar bears
  A wolf spider simulacrum (D:14)
  8 tyrant leeches
  30 blink frogs
  2 raiju (Lair:5)
  7 dream sheep (Lair:4)
  A hornet (shapeshifter) (D:13)
  11 hornets
  A glass eye (Depths:4)
  A tarantella (shapeshifter) (Vaults:5)
  5 spectral swamp dragons (Swamp:4)
  An ettin zombie (Vaults:2)
  34 jumping spiders
  A shadow (D:10)
  A centaur simulacrum (D:15)
  20 slime creatures
  2 vampires
  24 culicivoras
  6 air elementals
  15 water elementals
  Eustachio (D:6)
  7 basilisks
  3 wyverns
  5 tyrant leech zombies (Swamp:4)
  25 yaks
  A ynoxinul (Gauntlet)
  A wraith (D:10)
  3 humans (D:13)
  3 steam dragons (Lair:5)
  5 fire elementals
  79 redbacks
  6 wargs
  20 vampire mosquitoes
  3 chaos spawn
  14 swamp worms
  5 glowing shapeshifter skeletons
  7 water moccasins
  6 acid dragons
  15 hell hounds (Lair:5)
  12 orc warriors
  11 black bears (Lair:5)
  A swamp dragon zombie (Swamp:4)
  2 swamp drakes
  A spriggan simulacrum (Swamp:3)
  4 boggarts
  5 laughing skulls (Depths:3)
  28 wolves
  14 ogres
  An ice beast (D:6)
  9 centaurs
  9 phantoms (Swamp:4)
  8 kobold brigands
  7 bullfrogs
  A gnoll sergeant (D:6)
  12 small abominations
  2 scorpions (D:5)
  6 earth elementals
  3 wights (D:8)
  4 electric eels
  A troll skeleton (Swamp:1)
  A bombardier beetle (D:4)
  A hound (shapeshifter) (Depths:2)
  4 jellies
  Crazy Yiuf (D:4)
  9 orc priests
  A hound (D:11)
  4 iron imps (Gauntlet)
  A gnoll bouda (D:9)
  5 sleepcaps
  Ijyb (D:4)
  35 orc wizards
  7 iguanas
  3 mummies (Zig:1)
  13 gnolls
  3 adders
  A shadow imp (D:5)
  2 white imps
  6 ufetubi
  3 dart slugs
  2 ribbon worms (D:2)
  55 orcs
  4 bats
  8 endoplasms
  2 giant cockroaches (D:4)
  15 goblins
  6 hobgoblins
  26 kobolds
  5 quokkas
  6 ball pythons
  4 frilled lizards
  2 rats (D:1)
  2 aspiring fleshes
  2 spectral weapons
2184 creatures vanquished.

Vanquished Creatures (others)
  A fire giant (Vaults:4)
  An alligator (Swamp:1)
  A demonic crawler (Spider:4)
  2 quicksilver dragon simulacra (Depths:2)
  A deep elf zephyrmancer (Elf:1)
  A wolf spider (Spider:1)
  A will-o-the-wisp (Swamp:4)
  11 bloated husks
  A tyrant leech (Swamp:2)
  A tyrant leech zombie (Swamp:4)
  A redback (Spider:4)
  A swamp worm (Swamp:3)
  6 ettin simulacra (Depths:2)
  An orc priest (Vaults:5)
  An orc wizard (Orc:2)
  22 foxfires
  2 starspawn tentacles (Spider:4)
55 creatures vanquished.

Grand Total: 2239 creatures vanquished

Notes
Turn   | Place    | Note
-------+----------+-------------------------------------------
     0 | D:1      | inmateoo the Minotaur Fighter began the quest for the Orb.
     0 | D:1      | Reached XP level 1. HP: 19/19 MP: 0/0
   191 | D:1      | Reached XP level 2. HP: 21/27 MP: 1/1
   523 | D:1      | Reached skill level 3 in Axes
   722 | D:2      | Reached XP level 3. HP: 21/33 MP: 2/2
  1033 | D:2      | Reached skill level 1 in Dodging
  1325 | D:3      | Identified the +10 whip "Niostuts" {distort, Dex+5}
  1422 | D:3      | Reached XP level 4. HP: 40/40 MP: 3/3
  1461 | D:3      | You fall into a shaft and drop 2 floors!
  1461 | D:5      | Entered Level 5 of the Dungeon
  1498 | D:5      | Found a hide-covered altar of Uskayaw.
  1518 | D:5      | Noticed a vampire mosquito
  1519 | D:5      | Noticed a vampire mosquito
  1527 | D:5      | Killed a vampire mosquito
  1528 | D:5      | Reached skill level 4 in Axes
  1528 | D:5      | Reached XP level 5. HP: 14/47 MP: 4/4
  1529 | D:5      | HP: 2/47 [ufetubus (1)]
  1530 | D:5      | Killed a vampire mosquito
  1531 | D:5      | Reached skill level 5 in Axes
  1531 | D:5      | Reached XP level 6. HP: 3/55 MP: 5/5
  1840 | D:4      | Found a runed translucent door.
  1841 | D:4      | Noticed Crazy Yiuf
  2005 | D:3      | Found a white marble altar of Elyvilon.
  2227 | D:4      | Reached skill level 5 in Shields
  2258 | D:4      | Reached skill level 5 in Armour
  2281 | D:4      | Found a blossoming altar of Fedhas.
  2379 | D:4      | Reached skill level 5 in Fighting
  2717 | D:4      | Reached XP level 7. HP: 47/61 MP: 6/6
  2893 | D:4      | Noticed Ijyb
  2897 | D:4      | Killed Ijyb
  2898 | D:4      | Noticed a wyvern
  2903 | D:4      | Killed a wyvern
  2904 | D:4      | Reached skill level 6 in Axes
  3013 | D:4      | Found a staircase to the Ecumenical Temple.
  3117 | Temple   | Entered the Ecumenical Temple
  3121 | Temple   | Became a worshipper of Warmaster Okawaru
  3386 | D:4      | Killed Crazy Yiuf
  3811 | D:5      | Reached XP level 8. HP: 52/70 MP: 7/7
  3826 | D:5      | Reached skill level 7 in Axes
  4017 | D:5      | Reached * piety under Okawaru
  4180 | D:6      | Found a snail-covered altar of Cheibriados.
  4303 | D:6      | Noticed Eustachio
  4323 | D:6      | Killed Eustachio
  4367 | D:6      | Found an opulent altar of Gozag.
  4368 | D:6      | Found an opulent altar of Gozag.
  4386 | D:6      | Reached skill level 1 in Invocations
  4386 | D:6      | Found an opulent altar of Gozag.
  4401 | D:6      | Found an opulent altar of Gozag.
  4632 | D:6      | Found a hazy altar of Hepliaklqana.
  4802 | D:6      | Reached skill level 8 in Axes
  4808 | D:6      | Found a sparkling altar of Nemelex Xobeh.
  4837 | D:6      | Found a shimmering altar of Xom.
  5099 | D:7      | Reached ** piety under Okawaru
  5107 | D:7      | Reached XP level 9. HP: 56/78 MP: 9/9
  5113 | D:7      | Reached skill level 5 in Dodging
  5226 | D:7      | Identified the +1 flail of Pestilence {drain, Str+2 SInv
                  | Stlth+}
  6463 | D:8      | Reached skill level 9 in Axes
  6588 | D:8      | Noticed Psyche
  6592 | D:8      | Killed Psyche
  6684 | D:8      | Reached *** piety under Okawaru
  6718 | D:8      | Found a bloodstained altar of Trog.
  6755 | D:8      | Noticed Maggie
  6766 | D:8      | Killed Maggie
  6804 | D:8      | Reached XP level 10. HP: 74/88 MP: 11/11
  6923 | D:8      | Reached skill level 10 in Axes
  7568 | D:9      | Found a flagged portal.
  7608 | Bailey   | Entered a bailey
  7758 | Bailey   | Reached **** piety under Okawaru
  7966 | Bailey   | Found a burning altar of Makhleb.
  8163 | D:9      | Found a stormy altar of Qazlal.
  8253 | D:9      | Noticed Joseph
  8287 | D:9      | Killed Joseph
  8288 | D:9      | Reached skill level 11 in Axes
  8473 | D:9      | Found a runed translucent gate.
  8473 | D:9      | Found a runed translucent gate.
  8473 | D:9      | Found a runed translucent gate.
  8473 | D:9      | Noticed TobyConnect's ghost (journeyman TrEn)
  8661 | D:10     | Entered Level 10 of the Dungeon
  8707 | D:10     | Found Orryev's Jewellery Boutique.
  8910 | D:10     | Noticed a two-headed ogre
  8915 | D:10     | Killed a two-headed ogre
  8915 | D:10     | Reached ***** piety under Okawaru
  8922 | D:10     | Noticed an ice statue
  9053 | D:10     | Found a portal to a secret trove of treasure.
  9195 | D:10     | Reached skill level 5 in Invocations
  9204 | D:10     | Reached XP level 11. HP: 81/95 MP: 10/13
  9796 | D:11     | Found an iron altar of Okawaru.
  9861 | D:11     | Noticed a two-headed ogre
  9873 | D:11     | Killed a two-headed ogre
 10028 | D:11     | Noticed a two-headed ogre
 10043 | D:11     | Killed a two-headed ogre
 10258 | D:11     | Received a gift from Okawaru
 10259 | D:11     | Reached skill level 12 in Axes
 10294 | D:11     | Found a staircase to the Lair.
 10956 | D:12     | Noticed a brown ugly thing
 10975 | D:12     | Killed a brown ugly thing
 11126 | D:12     | Identified the +7 falchion of Tuhuow {drain, rF+ Str+5}
 11138 | D:12     | Noticed a two-headed ogre
 11150 | D:12     | Killed a two-headed ogre
 11333 | D:12     | Noticed a white ugly thing
 11348 | D:12     | Killed a white ugly thing
 11490 | D:12     | Found a staircase to the Orcish Mines.
 11894 | D:13     | Noticed a tengu warrior
 11923 | D:12     | Killed a tengu warrior
 12084 | D:13     | Noticed a green ugly thing
 12100 | D:12     | Killed a green ugly thing
 12163 | D:13     | Reached skill level 10 in Armour
 12224 | D:13     | Reached skill level 10 in Fighting
 12250 | D:13     | Noticed a deep elf pyromancer
 12253 | D:13     | Noticed a vault guard
 12258 | D:13     | Noticed an ironbound frostheart
 12262 | D:13     | Received a gift from Okawaru
 12262 | D:13     | Noticed a vault guard
 12263 | D:13     | Reached XP level 12. HP: 85/106 MP: 9/15
 12270 | D:13     | Reached skill level 13 in Axes
 12360 | Lair:1   | Entered Level 1 of the Lair of Beasts
 12523 | Lair:1   | Noticed Gastronok
 12553 | Lair:1   | Reached skill level 10 in Shields
 12602 | Lair:1   | Killed Gastronok
 13127 | Lair:2   | Found a runed translucent door.
 13375 | Lair:2   | Found a staircase to the Swamp.
 13549 | Lair:2   | Received a gift from Okawaru
 13975 | Lair:2   | Noticed a minotaur
 14002 | Lair:2   | Killed a minotaur
 14402 | Lair:3   | Reached skill level 14 in Axes
 14708 | Lair:3   | Reached XP level 13. HP: 82/116 MP: 17/17
 15042 | Lair:3   | Found a hole to the Spider Nest.
 15518 | Lair:4   | Found a viscous altar of Jiyva.
 15518 | Lair:4   | Found a staircase to the Slime Pits.
 15602 | Lair:4   | Received a gift from Okawaru
 15610 | Lair:4   | Found a gate leading to a gauntlet.
 15619 | Gauntlet | Entered a Gauntlet
 15619 | Gauntlet | Found a transporter.
 15619 | Gauntlet | Found a transporter.
 15619 | Gauntlet | Found a transporter.
 15639 | Gauntlet | Found a transporter.
 15649 | Gauntlet | Found a transporter.
 15653 | Gauntlet | Found a transporter.
 15663 | Gauntlet | Found a transporter.
 15684 | Gauntlet | Found a transporter.
 15690 | Gauntlet | Found a transporter.
 15693 | Gauntlet | Found a transporter.
 15703 | Gauntlet | Found a transporter.
 15707 | Gauntlet | Found a transporter.
 16058 | Gauntlet | Identified the +6 spear of Fragile Peace {venom, ^Drain
                  | rPois Int+9 Stlth-}
 16058 | Gauntlet | Noticed a minotaur
 16079 | Gauntlet | Killed a minotaur
 16080 | Gauntlet | Identified the staff "Jirerezo" {rElec Will- MP-9 Int+5
                  | Conj}
 16490 | Lair:4   | Found a runed translucent door.
 16490 | Lair:4   | Noticed Murgh's ghost (journeyman MiBe)
 16534 | Lair:4   | Reached skill level 15 in Axes
 17065 | Lair:4   | Received a gift from Okawaru
 17274 | Lair:5   | Entered Level 5 of the Lair of Beasts
 17283 | Lair:4   | Reached skill level 10 in Dodging
 17777 | Lair:5   | Received a gift from Okawaru
 17926 | Lair:5   | Reached ****** piety under Okawaru
 17936 | Lair:5   | Acquired the +8 broad axe of Metinur {holy, ^Drain Dex+3}
 17936 | Lair:5   | Received a gift from Okawaru
 17963 | Lair:5   | Acquired the +1 pair of boots of Ponewk Nuzug {rF+ rCorr}
 17963 | Lair:5   | Received a gift from Okawaru
 18020 | Lair:5   | Reached XP level 14. HP: 126/126 MP: 19/19
 18046 | Lair:5   | Reached skill level 16 in Axes
 18554 | Lair:5   | Received a gift from Okawaru
 19035 | D:13     | Reached skill level 1 in Throwing
 19507 | D:13     | Found a sparkling altar of Nemelex Xobeh.
 19534 | D:13     | Received a gift from Okawaru
 19765 | D:13     | Found a gate to the Vaults.
 19916 | D:14     | Found a runed translucent gate.
 19916 | D:14     | Found a runed translucent gate.
 19916 | D:14     | Found a runed translucent gate.
 19918 | D:14     | Noticed sentinel's ghost (journeyman TrFi)
 19937 | D:14     | Identified the +5 long sword of Charred True Grit {heavy,
                  | *Corrode Int+4 Stlth+}
 20028 | D:14     | Noticed Louise
 20063 | D:14     | Killed Louise
 20266 | D:14     | Noticed Roxanne
 20613 | D:15     | Entered Level 15 of the Dungeon
 20635 | D:15     | Identified the +2 robe "Orphoid" {rElec Str+4}
 20849 | D:15     | Received a gift from Okawaru
 20850 | D:15     | Reached skill level 17 in Axes
 21428 | D:15     | Reached XP level 15. HP: 97/135 MP: 21/21
 21448 | D:15     | Found a staircase to the Depths.
 21603 | Orc:1    | Entered Level 1 of the Orcish Mines
 22206 | Orc:1    | Identified the +0 plate armour of Ofousion {Int+3 Dex+2}
 22247 | Orc:2    | Entered Level 2 of the Orcish Mines
 22288 | Orc:2    | Found a staircase to the Elven Halls.
 22515 | Orc:2    | Found Zaezxetz's Antique Weapon Emporium.
 22535 | Orc:2    | Found Hiocw's Book Shoppe.
 22555 | Orc:2    | Found an ancient bone altar of Kikubaaqudgha.
 22555 | Orc:2    | Noticed Nergalle
 22586 | Orc:2    | Killed Nergalle
 22586 | Orc:2    | Received a gift from Okawaru
 22617 | Orc:2    | Found a radiant altar of Vehumet.
 22652 | Orc:2    | Found Etixzoi's Magic Scroll Emporium.
 22675 | Orc:2    | Gained mutation: You have sharp toenails. [a neqoxec]
 22679 | Orc:2    | Gained mutation: You are agile. (Dex +4, Str/Int -1) [a
                  | neqoxec]
 22683 | Orc:2    | Found Neqoefa's Antique Weapon Shoppe.
 22706 | Orc:2    | Bought a scroll of enchant weapon for 105 gold pieces
 22706 | Orc:2    | Bought a scroll of blinking for 105 gold pieces
 22706 | Orc:2    | Bought a scroll of enchant armour for 105 gold pieces
 22706 | Orc:2    | Bought a scroll of enchant weapon for 105 gold pieces
 23137 | Swamp:1  | Entered Level 1 of the Swamp
 23286 | Swamp:1  | Reached skill level 10 in Invocations
 23297 | Swamp:1  | Received a gift from Okawaru
 23864 | Swamp:1  | Reached skill level 18 in Axes
 24155 | Swamp:1  | Reached skill level 5 in Throwing
 24609 | Swamp:2  | Received a gift from Okawaru
 24722 | Swamp:2  | Noticed a thorn hunter
 24824 | Swamp:2  | Killed a thorn hunter
 25011 | Swamp:2  | Reached XP level 16. HP: 140/146 MP: 22/22
 25114 | Swamp:2  | You fall into a shaft and drop 1 floor!
 25146 | Swamp:3  | Received a gift from Okawaru
 25607 | Swamp:3  | Found a transporter.
 25609 | Swamp:3  | Found a transporter.
 25609 | Swamp:3  | Noticed kaychamo's ghost (adept FeSh)
 25920 | Swamp:3  | Killed kaychamo's ghost
 26092 | Swamp:3  | Identified the ring "Elibrull" {AC+4 Int+3 SInv}
 26144 | Swamp:4  | Entered Level 4 of the Swamp
 26162 | Swamp:4  | Noticed a thorn hunter
 26179 | Swamp:3  | Killed a thorn hunter
 26448 | Swamp:4  | Noticed Mara
 26450 | Swamp:4  | Noticed inmateoo's illusion
 26461 | Swamp:4  | Killed Mara
 26476 | Swamp:4  | Noticed a thorn hunter
 26498 | Swamp:3  | Killed a thorn hunter
 26692 | Swamp:4  | Received a gift from Okawaru
 26706 | Swamp:4  | Reached skill level 19 in Axes
 27212 | Swamp:4  | Received a gift from Okawaru
 27584 | Swamp:4  | Identified the +1 quarterstaff of Cususto {heavy, Str+2}
 27679 | Swamp:4  | Noticed a bone dragon
 27708 | Swamp:4  | Killed a bone dragon
 27986 | Swamp:4  | Identified the +0 scimitar of the Sage {heavy, rCorr Dex+2}
 28032 | Swamp:4  | Received a gift from Okawaru
 28038 | Swamp:4  | Got a decaying rune of Zot
 28442 | Spider:1 | Entered Level 1 of the Spider Nest
 28549 | Spider:1 | Noticed Jorgrun
 28572 | Spider:2 | Reached skill level 15 in Fighting
 28824 | Spider:2 | Killed Jorgrun
 29048 | Spider:1 | You fall into a shaft and drop 1 floor!
 29070 | Spider:2 | Received a gift from Okawaru
 29071 | Spider:2 | Reached XP level 17. HP: 128/156 MP: 23/23
 29185 | Spider:2 | Reached skill level 15 in Armour
 29684 | Spider:1 | Reached skill level 20 in Axes
 29942 | Spider:1 | Found a transporter.
 29943 | Spider:1 | Noticed Nattefrost's ghost (adept GrBe)
 29967 | Spider:1 | Found a transporter.
 30033 | Spider:1 | Received a gift from Okawaru
 30058 | Spider:1 | Killed Nattefrost's ghost
 30068 | Spider:1 | Identified the +1 hat "Focoew" {+Blink}
 30849 | Spider:2 | Received a gift from Okawaru
 30850 | Spider:2 | Reached skill level 15 in Shields
 31018 | Spider:3 | Paralysed by a jorogumo for 2 turns
 31295 | Spider:3 | Received a gift from Okawaru
 32137 | Spider:4 | Entered Level 4 of the Spider Nest
 32141 | Spider:4 | Noticed Nikola
 32581 | Spider:4 | Killed Nikola
 32633 | Spider:4 | Noticed Mlioglotl
 32644 | Spider:4 | Killed Mlioglotl
 32644 | Spider:4 | Received a gift from Okawaru
 32657 | Spider:4 | Reached XP level 18. HP: 108/166 MP: 11/24
 32825 | Spider:4 | Reached skill level 21 in Axes
 33242 | Spider:4 | Noticed Arachne
 33249 | Spider:4 | Received a gift from Okawaru
 33659 | Spider:4 | Killed Arachne
 34499 | Spider:4 | Identified the +2 pair of boots of Odihu {rF+ Dex+2}
 34606 | Spider:4 | Got a gossamer rune of Zot
 35116 | Vaults:1 | Entered Level 1 of the Vaults
 35250 | Vaults:1 | Found Sioloc's Armour Emporium.
 35301 | Vaults:1 | Identified the ring "Poallegi" {Will+ MP+9 Int+2}
 35326 | Vaults:1 | Received a gift from Okawaru
 35713 | Vaults:1 | Noticed Asterion
 35738 | Vaults:1 | Killed Asterion
 36153 | Vaults:1 | Received a gift from Okawaru
 36826 | Vaults:1 | Reached skill level 22 in Axes
 37109 | Vaults:2 | Reached XP level 19. HP: 174/174 MP: 25/25
 37113 | Vaults:2 | Received a gift from Okawaru
 37203 | Vaults:2 | Reached skill level 10 in Throwing
 37258 | Vaults:2 | Found a staircase to the Crypt.
 37258 | Vaults:2 | Found an ancient bone altar of Kikubaaqudgha.
 37258 | Vaults:2 | Found a basalt altar of Yredelemnul.
 37812 | Vaults:2 | Reached skill level 15 in Dodging
 37830 | Vaults:2 | Received a gift from Okawaru
 38632 | Vaults:3 | Received a gift from Okawaru
 39059 | Vaults:3 | Identified the +6 sling "Jaqan" {heavy, +Blink Will+ Dex+3}
 39120 | Vaults:3 | Reached skill level 23 in Axes
 39308 | Vaults:3 | Received a gift from Okawaru
 39642 | Vaults:4 | Noticed Zenata
 39659 | Vaults:4 | Killed Zenata
 39774 | Vaults:4 | Reached XP level 20. HP: 164/187 MP: 26/26
 39868 | Vaults:4 | Noticed Boris
 39946 | Vaults:3 | Killed Boris
 40164 | Vaults:4 | Received a gift from Okawaru
 40217 | Vaults:4 | Found a huge runed translucent gate.
 40217 | Vaults:4 | Found a huge runed translucent gate.
 40217 | Vaults:4 | Found a huge runed translucent gate.
 40220 | Vaults:4 | Found a huge runed translucent gate.
 40263 | Vaults:4 | Found a huge runed translucent gate.
 40264 | Vaults:4 | Found a huge runed translucent gate.
 40264 | Vaults:4 | Found a huge runed translucent gate.
 40264 | Vaults:4 | Found a huge runed translucent gate.
 40264 | Vaults:4 | Found a huge runed translucent gate.
 40264 | Vaults:4 | Found a huge runed translucent gate.
 40265 | Vaults:4 | Found a huge runed translucent gate.
 40266 | Vaults:4 | Found a huge runed translucent gate.
 40267 | Vaults:4 | Found a huge runed translucent gate.
 40268 | Vaults:4 | Found a huge runed translucent gate.
 40269 | Vaults:4 | Found a huge runed translucent gate.
 40269 | Vaults:4 | Found a huge runed translucent gate.
 40273 | Vaults:4 | Found a huge runed translucent gate.
 40274 | Vaults:4 | Found a huge runed translucent gate.
 40275 | Vaults:4 | Found a huge runed translucent gate.
 40275 | Vaults:4 | Found a huge runed translucent gate.
 40282 | Vaults:4 | Found a huge runed translucent gate.
 40283 | Vaults:4 | Found a huge runed translucent gate.
 40284 | Vaults:4 | Found a huge runed translucent gate.
 40285 | Vaults:4 | Found a huge runed translucent gate.
 40285 | Vaults:4 | Found a huge runed translucent gate.
 40290 | Vaults:4 | Found a huge runed translucent gate.
 40291 | Vaults:4 | Found a huge runed translucent gate.
 40291 | Vaults:4 | Found a huge runed translucent gate.
 40291 | Vaults:4 | Found a huge runed translucent gate.
 40291 | Vaults:4 | Found a huge runed translucent gate.
 40293 | Vaults:4 | Found a huge runed translucent gate.
 40294 | Vaults:4 | Found a huge runed translucent gate.
 40295 | Vaults:4 | Found a huge runed translucent gate.
 40295 | Vaults:4 | Found a huge runed translucent gate.
 40300 | Vaults:4 | Found a huge runed translucent gate.
 40301 | Vaults:4 | Found a huge runed translucent gate.
 40737 | Vaults:4 | Received a gift from Okawaru
 41258 | Vaults:4 | Found Gunu's Distillery.
 41263 | Vaults:4 | Bought a potion of curing for 51 gold pieces
 41263 | Vaults:4 | Bought a potion of curing for 51 gold pieces
 41263 | Vaults:4 | Bought a potion of heal wounds for 85 gold pieces
 41263 | Vaults:4 | Bought a potion of mutation for 136 gold pieces
 41263 | Vaults:4 | Bought a potion of berserk rage for 85 gold pieces
 41597 | Vaults:5 | Entered Level 5 of the Vaults
 41787 | Vaults:5 | Received a gift from Okawaru
 41803 | Vaults:5 | Reached skill level 24 in Axes
 41862 | Vaults:5 | Noticed a dread lich
 42112 | Vaults:4 | Killed a dread lich
 42112 | Vaults:4 | Received a gift from Okawaru
 42116 | Vaults:5 | Noticed Jory
 42149 | Vaults:4 | Killed Jory
 42500 | D:14     | Killed sentinel's ghost
 42501 | D:14     | Reached XP level 21. HP: 153/195 MP: 27/27
 42688 | Vaults:5 | Noticed Mennas
 43073 | Vaults:5 | Received a gift from Okawaru
 43074 | Vaults:5 | Noticed an ancient lich
 43092 | Vaults:5 | Killed an ancient lich
 44050 | Vaults:5 | Received a gift from Okawaru
 44223 | Vaults:5 | Noticed a golden dragon
 44245 | Vaults:5 | Killed a golden dragon
 44499 | Vaults:5 | Found the +8 mithril axe "Arga" {speed, Will+}
 44520 | Vaults:5 | Identified the staff "Gocestog" {rF+ rCorr Str-4 Fire
                  | Earth}
 44521 | Vaults:5 | Identified the +6 great sword "Vaolod" {flame, rF+}
 44606 | Vaults:5 | Noticed Saint Roka
 44938 | Vaults:4 | Killed Saint Roka
 45116 | Vaults:5 | Got the Essays on Displaced Bewitchment
 45401 | Vaults:5 | Reached skill level 25 in Axes
 45653 | Vaults:5 | Got a silver rune of Zot
 45755 | Vaults:5 | Received a gift from Okawaru
 45794 | Vaults:5 | Noticed a golden dragon
 45805 | Vaults:5 | Killed a golden dragon
 45950 | Vaults:5 | Identified the +1 robe of the Vacuum {rPois Str-4 Int+2}
 46023 | Vaults:5 | Identified the +9 war axe of Caacw {flame, rN+ rCorr}
 46073 | Vaults:5 | Identified the +3 ring mail "Menorghe" {+Blink Regen+}
 46156 | Vaults:5 | Noticed an ancient lich
 46179 | Vaults:5 | Killed an ancient lich
 46342 | Vaults:5 | Identified the +4 ring mail of Card Tricks {Dex+3}
 46343 | Vaults:5 | Identified the ring of the Establishment {rN+ MP+9}
 46628 | Elf:1    | Entered Level 1 of the Elven Halls
 46657 | Elf:1    | Found a radiant altar of Vehumet.
 46755 | Elf:1    | Received a gift from Okawaru
 47340 | Elf:1    | Reached XP level 22. HP: 173/197 MP: 28/28
 47787 | Elf:1    | Identified the +0 sling "Fusoic" {speed, rF+ Will+ Stlth+}
 48027 | Elf:1    | Found Pauh's Armour Shop.
 48098 | Elf:2    | Paralysed by an air elemental for 1 turns
 48185 | Elf:2    | Found a runed translucent gate.
 48186 | Elf:2    | Found a runed translucent gate.
 48186 | Elf:2    | Found a runed translucent gate.
 48261 | Elf:2    | Identified the serpent talisman of Semot {rC+}
 48261 | Elf:2    | Noticed Aizul
 48271 | Elf:2    | Killed Aizul
 48271 | Elf:2    | Received a gift from Okawaru
 48402 | Elf:2    | Found Garchoyt's General Store.
 48422 | Elf:2    | Bought a scroll of blinking for 90 gold pieces
 48422 | Elf:2    | Bought a potion of mutation for 96 gold pieces
 48422 | Elf:2    | Bought a scroll of identify for 24 gold pieces
 48476 | Elf:2    | Paralysed by an air elemental for 1 turns
 48886 | Elf:3    | Entered Level 3 of the Elven Halls
 48943 | Elf:3    | Identified a scroll of acquirement
 49157 | Elf:3    | Paralysed by an air elemental for 1 turns
 49256 | Elf:3    | Identified the +9 flail of the Dead {distort, rPois rC+
                  | rCorr Str-5}
 49278 | Elf:3    | Identified the amulet of Democracy {Will+ Regen+}
 49461 | Elf:3    | Paralysed by an air elemental for 1 turns
 49464 | Elf:3    | Paralysed by an air elemental for 1 turns
 49606 | Elf:3    | Paralysed by an air elemental for 1 turns
 49611 | Elf:3    | Paralysed by an air elemental for 1 turns
 49689 | Elf:3    | Identified the +9 scimitar of the Baleful God {chaos, rPois
                  | rF- Int+7 Dex+2}
 49689 | Elf:3    | Identified the ring of Tuneh {Fire *Slow Will- Int+8
                  | Stlth+}
 49724 | Elf:3    | Received a gift from Okawaru
 50095 | Elf:3    | Identified the +0 robe of Nis Vij {rN+ Will- Str+4
                  | Archmagi}
 50335 | Elf:3    | Got the Folio of Mutated Translocation
 50365 | Elf:3    | Identified the +7 morningstar of the Fae God {flame, rElec
                  | rF+ rC+ Str-5 Dex+2}
 50397 | Elf:3    | Identified the +3 war axe "Orikathec" {speed, ^Fragile
                  | +Blink Int+8}
 50568 | Elf:3    | Identified the staff of Cuemimut {rPois rCorr Alchemy}
 50598 | Elf:3    | Reached skill level 26 in Axes
 51101 | Depths:1 | Entered Level 1 of the Depths
 51134 | Depths:1 | Found a shadowy altar of Dithmenos.
 51149 | Depths:1 | Received a gift from Okawaru
 51281 | Depths:1 | Found a gateway to Hell.
 51678 | Depths:1 | Found a one-way gate to the infinite horrors of the Abyss.
 52156 | Depths:2 | Found a hide-covered altar of Uskayaw.
 52168 | Depths:2 | Received a gift from Okawaru
 52208 | Depths:2 | Found an ornate altar of the Wu Jian Council.
 52486 | Depths:2 | Reached XP level 23. HP: 207/216 MP: 29/29
 52561 | Depths:2 | Found a shimmering blue altar of Sif Muna.
 52568 | Depths:2 | Found a one-way gate leading to the halls of Pandemonium.
 52601 | Depths:2 | Noticed a juggernaut
 52618 | Depths:2 | Killed a juggernaut
 52634 | Depths:2 | Received a gift from Okawaru
 52698 | Depths:2 | Identified the +4 dagger "Cismadeq" {distort, rF+ Str+3}
 53138 | Depths:2 | Found a glowing golden altar of the Shining One.
 53286 | Depths:2 | Received a gift from Okawaru
 53303 | Depths:1 | Identified the +4 quarterstaff "Liattug" {flame, ^Contam
                  | rC+ Str+4}
 53818 | Depths:3 | Found a one-way gateway to a ziggurat.
 53871 | Depths:3 | Noticed Boris
 53885 | Depths:3 | Killed Boris
 53886 | Depths:3 | Reached skill level 27 in Axes
 54025 | Zig:1    | Entered Level 1 of a ziggurat
 54044 | Zig:2    | Entered Level 2 of a ziggurat
 54066 | Zig:2    | Got the Codex of Cobwebs
 54099 | Zig:3    | Entered Level 3 of a ziggurat
 54099 | Zig:3    | Noticed a Killer Klown
 54099 | Zig:3    | Found the +8 pair of quick blades "Gyre" and "Gimble"
                  | {protect}
 54123 | Zig:3    | Killed a Killer Klown
 54141 | Zig:3    | Identified the +8 whip of the Unkillable {heavy, ^Fragile
                  | rN+ Will+ Int+5}
 54144 | Zig:4    | Entered Level 4 of a ziggurat
 54162 | Depths:3 | Received a gift from Okawaru
 54822 | Depths:3 | Received a gift from Okawaru
 54899 | Depths:3 | Reached skill level 15 in Throwing
 55496 | Depths:4 | Entered Level 4 of the Depths
 55566 | Depths:4 | Reached XP level 24. HP: 228/228 MP: 29/29
 55664 | Depths:4 | Noticed Boris
 55681 | Depths:4 | Killed Boris
 55768 | Depths:4 | Found a gate to the Realm of Zot.
 55782 | Depths:4 | Received a gift from Okawaru
 55939 | Depths:4 | Found a broken altar of Ashenzari.
 57001 | Zot:1    | Entered Level 1 of the Realm of Zot
 57010 | Zot:1    | Received a gift from Okawaru
 57276 | D:10     | You paid a toll of 2 scrolls of acquirement to enter a
                  | treasure trove
 57277 | Trove    | Entered a treasure trove
 58825 | Zot:1    | Received a gift from Okawaru
 58923 | Zot:1    | Identified the +0 robe "Xaplaz" {Archmagi}
 59245 | Zot:1    | Received a gift from Okawaru
 60087 | Zot:2    | Reached XP level 25. HP: 222/238 MP: 29/29
 60111 | Zot:1    | Received a gift from Okawaru
 60772 | Zot:2    | Noticed a Killer Klown
 60786 | Zot:2    | Noticed a Killer Klown
 60794 | Zot:2    | Killed a Killer Klown
 60815 | Zot:2    | Killed a Killer Klown
 61279 | Zot:2    | Received a gift from Okawaru
 62256 | Zot:3    | Received a gift from Okawaru
 62271 | Zot:3    | Acquired a manual of Translocations
 63010 | Zot:5    | Entered Level 5 of the Realm of Zot
 63433 | Zot:5    | Received a gift from Okawaru
 63773 | Zot:5    | Noticed a dread lich
 63797 | Zot:5    | Killed a dread lich
 63850 | Zot:5    | Noticed an orb of fire
 63863 | Zot:5    | Gained mutation: Your magical capacity is low. (-10% MP)
                  | [an orb of fire]
 63866 | Zot:5    | Noticed an orb of fire
 63869 | Zot:5    | Gained mutation: You occasionally lose the ability to drink
                  | potions when taking damage. [an orb of fire]
 63870 | Zot:5    | Killed an orb of fire
 63876 | Zot:5    | Gained mutation: You are occasionally teleported next to
                  | monsters. [an orb of fire]
 63884 | Zot:5    | Killed an orb of fire
 63908 | Zot:5    | Lost mutation: Your magical capacity is low. (-10% MP)
                  | [potion of mutation]
 63908 | Zot:5    | Lost mutation: You occasionally lose the ability to drink
                  | potions when taking damage. [potion of mutation]
 63908 | Zot:5    | Gained mutation: Armour fits poorly on your strangely
                  | shaped body. [potion of mutation]
 63908 | Zot:5    | Gained mutation: Your movements are slightly less
                  | encumbered by armour. (ER -2) [potion of mutation]
 63909 | Zot:5    | Lost mutation: Armour fits poorly on your strangely shaped
                  | body. [potion of mutation]
 63909 | Zot:5    | Lost mutation: You are agile. (Dex +4, Str/Int -1) [potion
                  | of mutation]
 63909 | Zot:5    | Lost mutation: Your movements are slightly less encumbered
                  | by armour. (ER -2) [potion of mutation]
 63909 | Zot:5    | Gained mutation: Your flesh is heat resistant. (rF+)
                  | [potion of mutation]
 63909 | Zot:5    | Gained mutation: Your body sometimes deteriorates upon
                  | taking damage. [potion of mutation]
 63909 | Zot:5    | Lost mutation: Your flesh is heat resistant. (rF+) [potion
                  | of mutation]
 63909 | Zot:5    | Gained mutation: You expend magic power (3 MP) to
                  | strengthen your wands. [potion of mutation]
 64074 | Zot:5    | Lost mutation: You expend magic power (3 MP) to strengthen
                  | your wands. [potion of mutation]
 64074 | Zot:5    | Lost mutation: You have sharp toenails. [potion of
                  | mutation]
 64074 | Zot:5    | Lost mutation: Your body sometimes deteriorates upon taking
                  | damage. [potion of mutation]
 64074 | Zot:5    | Gained mutation: Your muscles are strong. (Str +4, Int/Dex
                  | -1) [potion of mutation]
 64074 | Zot:5    | Gained mutation: You are partially covered in iridescent
                  | scales. (AC +2) [potion of mutation]
 64075 | Zot:5    | Lost mutation: You are partially covered in iridescent
                  | scales. (AC +2) [potion of mutation]
 64075 | Zot:5    | Lost mutation: Your muscles are strong. (Str +4, Int/Dex
                  | -1) [potion of mutation]
 64075 | Zot:5    | Gained mutation: Your flesh is heat resistant. (rF+)
                  | [potion of mutation]
 64075 | Zot:5    | Gained mutation: You occasionally lose the ability to drink
                  | potions when taking damage. [potion of mutation]
 64075 | Zot:5    | Lost mutation: You occasionally lose the ability to drink
                  | potions when taking damage. [potion of mutation]
 64076 | Zot:5    | Lost mutation: You are occasionally teleported next to
                  | monsters. [potion of mutation]
 64076 | Zot:5    | Lost mutation: Your flesh is heat resistant. (rF+) [potion
                  | of mutation]
 64076 | Zot:5    | Gained mutation: Your flesh is heat resistant. (rF+)
                  | [potion of mutation]
 64076 | Zot:5    | Gained mutation: You have sharp toenails. [potion of
                  | mutation]
 64076 | Zot:5    | Gained mutation: You are robust. (+10% HP) [potion of
                  | mutation]
 64290 | Zot:5    | Noticed an orb of fire
 64306 | Zot:5    | Killed an orb of fire
 64307 | Zot:5    | Reached XP level 26. HP: 247/276 MP: 29/29
 64310 | Zot:5    | Identified the +11 whip "Lente" {freeze, *Corrode rF+++
                  | Will++ Str+3}
 64341 | Zot:5    | Noticed an orb of fire
 64356 | Zot:5    | Killed an orb of fire
 64426 | Zot:5    | Received a gift from Okawaru
 64457 | Zot:5    | Got the Orb of Zot
 65097 | D:$      | Escaped with the Orb!

Illustrated notes

Levels and vault maps discovered:
D:1:      saegor_arrival_simple_b, layout_basic, grunt_decor_fettered
D:2:      layout_loops_ring, st_stairs_11
D:3:      layout_rooms, elyvilon_altar_1, serial_bayou_pond_e
D:4:      minmay_general_purpose_star, layout_loops_ring, fedhas_altar_4,
          minmay_temple_entry_butterflies, serial_glass, glass_columns_a,
          glass_columns_a, uniq_crazy_yiuf_cottage, uniq_ijyb
D:5:      layout_loops_cross, eat_drink_and_be_merry_uskayaw
D:6:      layout_basic, marbit_many_paths, nicolae_overflow_crystal_walls,
          mainiacjoe_overflow_tiny_flanked,
          nicolae_gozag_conspicuous_consumption,
          mainiacjoe_overflow_surrounded_room, moated_statue, uniq_eustachio
D:7:      layout_loops_corners, dreamdust_mushroom_princess
D:8:      layout_cave_pods, general_overflow_altar, serial_column_ruins,
          column_ruins_columns_dead_end, column_ruins_open_small,
          column_ruins_open_large, column_ruins_open_tiny, column_ruins_grid_3,
          uniq_psyche, uniq_maggie
D:9:      layout_small_grid, nicolae_qazlal_eye_of_the_storm,
          gammafunk_ghost_nasty_kobolds, enter_bailey_3, uniq_joseph
D:10:     layout_roguey, serial_corexii_hall, corexii_hall_statues_x,
          corexii_hall_statues_t, serial_shops, nicolae_shop_tiny_statue_garden,
          nicolae_trove_entry_isolated, minivault_15, grunt_ministairs_12
D:11:     layout_irregular_city, erik_lair_island, okawaru_altar_gauntlet_db
D:12:     layout_gridville, hiddenorc1_lemuel
D:13:     layout_gridville, hellmonk_vaults_keyhole, drop_trap,
          kennysheep_flooded_box, fountainhead, nemelex_spade_bored_becter
D:14:     layout_basic, gammafunk_ghost_hydra_chop, uniq_louise, uniq_roxanne
D:15:     grunt_enter_depths_magical_seal, layout_basic
Temple:   hellmonk_temple_two_chambers
Lair:1:   layout_roguey, grunt_megastairs_5, uniq_gastronok
Lair:2:   dreamdust_labyrinth, layout_cave_pods, skrybe_swamp_entry_bodies
Lair:3:   layout_cave_pods, spider_nest_entry_webs, lemuel_fruit_tree
Lair:4:   layout_cave_pods, slime_entry_1, gauntlet_entry_generic,
          ebering_ghost_inner_flame
Lair:5:   hangedman_lair_caniforms_friends, layout_hall_layers,
          guppyfry_lair_end_dragon, worms_lemuel, lemuel_fruit_fields,
          infiniplex_staircase_pool
Swamp:1:  nicolae_swamp_flooded_prison, layout_basic_swamp,
          nicolae_swamp_bean_lake, cheibrodos_swamp_minitomb,
          nicolae_swamp_decorative_isthmus
Swamp:2:  layout_basic_swamp, evilmike_swamp_ruin_house_3
Swamp:3:  layout_basic_swamp, gammafunk_ghost_mausoleum,
          evilmike_swamp_ruin_house_6, swamp_pool_4
Swamp:4:  swamp_pestilence, layout_basic_swamp, uniq_mara
Spider:1: layout_spider_delve, gammafunk_ghost_berserking_beasts, drop_trap,
          uniq_jorgrun
Spider:2: layout_spider_delve
Spider:3: layout_spider_delve
Spider:4: guppyfry_spider_rune, uniq_mlioglotl, uniq_nikola, uniq_arachne
Orc:1:    layout_diamond_mine, minmay_orc_keep
Orc:2:    kennysheep_orc_mage_school, layout_caves
Elf:1:    eino_elf_arrival_altar, layout_geoelf_diagonals, serial_shops, shop,
          hangedman_elven_crosses_minicolossus, grunt_megastairs_2
Elf:2:    nicolae_elf_blades_crystal_corner, layout_loops_corners, serial_shops,
          shop, uniq_aizul
Elf:3:    minmay_elf_hall_quartered_circle, layout_gridlike
Vaults:1: nicolae_vaults_more_shelving_2, hangedman_vaults_pinch,
          vaults_room_mumra_shop_pool, nicolae_vaults_six-pack,
          nicolae_vaults_big_ls, nicolae_vaults_stepped_doors,
          nicolae_vaults_storage_closets_2, vaults_room_grid,
          layout_vaults_quadrants, uniq_asterion
Vaults:2: nicolae_vaults_network_quinsquares
          [nicolae_vaults_network_quincunx_subvault,
          nicolae_vaults_network_quincunx_subvault,
          nicolae_vaults_network_quincunx_subvault,
          nicolae_vaults_network_quincunx_subvault], nicolae_vaults_network_s,
          minmay_crypt_entry_necro_gods, grunt_vaults_trifunnel,
          hangedman_vaults_locks, nicolae_vaults_house_2,
          nicolae_vaults_mitosis, nicolae_vaults_closet_pinwheel_5,
          layout_vaults_maze
Vaults:3: nicolae_vaults_sesquioval_fish, ontoclasm_vaults_spin,
          ontoclasm_vaults_ring_small, ontoclasm_vaults_eye,
          nicolae_vaults_trapezoid_lopsided_1, vaults_standard_mumra_x,
          nicolae_vaults_rhombus_7, nicolae_vaults_border_crossing,
          nicolae_vaults_more_shelving_1, nicolae_vaults_ring_of_whatevers,
          hangedman_vaults_corner_blocks, nicolae_vaults_trapezoid_lopsided_3,
          layout_vaults_big_room
Vaults:4: nicolae_vaults_heart-shaped_vault,
          vaults_standard_mumra_enter_the_diamond,
          vaults_mumra_minichess_inversion, door_vault,
          hangedman_vaults_stretched_pinwheel, v_misc_18, nicolae_vaults_prndl,
          vaults_standard_mumra_lines, hangedman_vaults_snaps, v_alt_pattern_1,
          v_misc_17, nicolae_vaults_trapezoid_1, vaults_room_pools,
          nicolae_vaults_house_2, layout_vaults_omnibox, serial_shops, shop,
          uniq_boris, uniq_zenata
Vaults:5: serial_shops, uniq_mennas, uniq_saint_roka, uniq_jory
Depths:1: layout_gridlike, abyss_entry_crystal, hell_entry,
          nicolae_dithmenos_the_darkroom, firewood_loft
Depths:2: grunt_profane_halls [grunt_profane_loot, grunt_profane_temple_tar,
          grunt_profane_temple_coc, grunt_profane_temple_geh,
          grunt_profane_temple_dis], serial_shops, pan_entry, hell_entry
Depths:3: minmay_skeleton_keep, layout_honeycomb, enter_ziggurat_a, pan_entry,
          grunt_metal_band, abyss_entry
Depths:4: grunt_zot_entry_tricorne, layout_honeycomb, serial_bayou,
          serial_bayou_lagoon_a, serial_bayou_crossing, serial_bayou_shore_b,
          serial_bayou_ford_a, serial_bayou_shore_b, serial_bayou_lake_a,
          minmay_room_of_horrors, grunt_pan_entry_zigzag,
          hangedman_tar_grid_catacomb, nicolae_ashenzari_skybound,
          serial_bayou_shore_b
Zot:1:    layout_cathedral_of_symmetry,
          regret_index_zotdec_silver_v_v_orig_slice
Zot:2:    grunt_zot_stairs_faceoff, layout_basic, hangedman_zot_decor_slant,
          nicolae_zig_zag_zippers
Zot:3:    layout_gridlike, regret_index_zotdec_barnacled_simple
Zot:4:    kennysheep_blocky_room, layout_misc_corridors, regret_index_zotdec_ex,
          st_stairs_2
Zot:5:    layout_misc_corridors

Skill      XL: |  1  2  3  4  5  6  7  8  9 10 11 12 13 14 15 16 17 18 19 20 21 22 23 24 25 26 |
---------------+-------------------------------------------------------------------------------+-----
Axes           | 3 4 5 6 8 9 11 12 14 15 17 18 19 20 22 23 24 25 26 27 | 27.0
Shields        | 4 5 6 7 8 9 10 11 12 13 14 15 16 17 18 19 20 21 22 23 | 23.1
Armour         | 4 5 6 7 8 10 11 12 13 14 15 16 17 18 19 20 21 23 | 23.3
Dodging        | 1 2 3 4 5 7 8 9 10 11 12 13 14 15 16 17 18 19 20 21 | 21.2
Fighting       | 4 5 6 7 8 10 11 12 13 14 15 16 17 18 19 20 21 22 23 | 23.6
Invocations    | 2 3 5 6 7 8 9 10 | 10.0
Throwing       | 3 5 7 8 9 11 12 13 14 15 16 17 | 17.8

Action                     |  1- 3 |  4- 6 |  7- 9 | 10-12 | 13-15 | 16-18 | 19-21 | 22-24 | 25-27 || total
---------------------------+-------+-------+-------+-------+-------+-------+-------+-------+-------++-------
  Melee: War axe           |    94 |    70 |   220 |       |       |       |       |       |       ||   384
         Headbutt          |    16 |     6 |    48 |   169 |   287 |   460 |   471 |   723 |   316 ||  2496
         Hand axe          |       |       |       |   769 |   448 |       |       |       |       ||  1217
         Broad axe         |       |       |       |       |   814 |  1558 |  1496 |  2186 |   921 ||  6975
         Morningstar       |       |       |       |       |     4 |       |       |       |       ||     4
  Throw: Dart              |       |       |       |     5 |       |       |       |       |       ||     5
         Javelin           |       |       |       |       |     4 |    22 |     6 |     1 |       ||    33
         Throwing net      |       |       |       |       |       |     1 |       |       |       ||     1
 Invoke: Heroism           |       |       |       |     8 |     4 |     3 |     3 |     3 |     3 ||    24
         Receive Weapon    |       |       |       |       |     1 |       |       |       |       ||     1
         Receive Armour    |       |       |       |       |     1 |       |       |       |       ||     1
         Finesse           |       |       |       |       |       |     1 |     3 |     1 |     2 ||     7
  Evoke: Wand              |       |       |     4 |     8 |     6 |     3 |       |     2 |     3 ||    26
    Use: Potion            |       |     1 |       |     8 |     2 |     3 |     5 |     4 |    14 ||    37
         Scroll            |       |       |    18 |     6 |     7 |     7 |    12 |     6 |     5 ||    61
   Stab: Invisible         |       |       |       |       |     6 |     1 |       |       |       ||     7
         Paralysed         |       |       |       |       |     5 |       |       |       |       ||     5
         Distracted        |       |       |       |       |       |     1 |     1 |     1 |       ||     3
         Sleeping          |       |       |       |       |       |       |     1 |       |       ||     1
 Armour: Scale mail        |    56 |    52 |   125 |       |       |       |       |       |       ||   233
         Chain mail        |       |       |    42 |       |       |       |       |       |       ||    42
         Swamp dragon scal |       |       |     7 |   394 |   789 |   840 |   463 |       |       ||  2493
         Skin              |       |       |       |    28 |       |       |       |       |       ||    28
         Plate armour      |       |       |       |       |       |       |   193 |       |       ||   193
         Gold dragon scale |       |       |       |       |       |       |    91 |  1066 |   404 ||  1561
         Storm dragon scal |       |       |       |       |       |       |    38 |       |       ||    38
  Dodge: Dodged            |    53 |    45 |   103 |   294 |   664 |   742 |   655 |   515 |   227 ||  3298
  Block: Buckler           |    25 |    18 |    32 |       |       |       |       |       |       ||    75
         Kite shield       |       |       |    61 |   362 |   811 |       |       |   499 |   420 ||  2153
         Tower shield      |       |       |       |       |   106 |  1888 |  1597 |  1034 |       ||  4625
